 Dungeon Crawl Stone Soup version 0.26.1-11-gd32895ea62 (webtiles) character file.

Game seed: 3965520833650985561

2737 RaHiT the Skirmisher (level 9, -7/81 HPs)
             Began as a Demonspawn Chaos Knight on Apr 18, 2021.
             Was a Plaything of Xom.
             Mangled by Prince Ribbit (23 damage)
             ... on level 8 of the Dungeon.
             The game lasted 00:40:21 (7658 turns).

RaHiT the Skirmisher (Demonspawn Chaos Knight)      Turns: 7658, Time: 00:40:22

Health: -7/81      AC:  8    Str: 12    XL:     9   Next: 40%
Magic:  9/9        EV: 14    Int: 24    God:    Xom [......]
Gold:   426        SH:  6    Dex: 22    Spells: 9/9 levels left

rFire    . . .     SeeInvis +   a - +0 falchion (chaos)
rCold    + . .     Faith    .   I - +0 buckler
rNeg     . . .     Spirit   .   E - +0 ring mail
rPois    +         Reflect  .   (helmet restricted)
rElec    .         Harm     .   (no cloak)
rCorr    .         Rampage  .   t - +0 pair of gloves
Will     .....                  (boots unavailable)
Stlth    ++........             g - amulet of the acrobat
HPRegen  0.23/turn              e - +6 ring of intelligence
MPRegen  0.11/turn              H - +6 ring of dexterity

@: no status effects
A: antennae 1, talons 3, thin skeletal structure 1, see invisible, clever 1,
cold resistance 1, mutation resistance 1, poison resistance, powered by death 2,
robust 2, shaggy fur 1, miasma immunity
a: Renounce Religion


You were on level 8 of the Dungeon.
You worshipped Xom.
You were a very special plaything of Xom.
You visited 1 branch of the dungeon, and saw 8 of its levels.

You collected 426 gold pieces.

Inventory:

Hand Weapons
 a - a +0 falchion of chaos (weapon)
 i - a +1 hunting sling of flaming
 x - a +0 long sword
 D - a +4 dagger
Missiles
 c - 161 arrows
 d - 278 stones
 n - 45 bolts
 y - 18 sling bullets
 K - 9 poisoned darts (quivered)
Armour
 l - a +0 tower shield
 r - a cursed +0 helmet
 t - a +0 pair of gloves (worn)
 E - a +0 ring mail (worn)
 I - a +0 buckler (worn)
Magical Staves
 v - an uncursed staff of cold
 z - an uncursed staff of earth
Jewellery
 e - a +6 ring of intelligence (left hand)
 g - an amulet of the acrobat (around neck)
 H - a +6 ring of dexterity (right hand)
 N - an uncursed ring of fire
Wands
 k - a wand of digging (3)
 s - a wand of polymorph (17)
 u - a wand of flame (14)
 J - a wand of iceblast (11)
Scrolls
 b - a scroll of teleportation {unknown}
 h - 5 scrolls of remove curse
 j - 2 scrolls of fear
 o - 2 scrolls of immolation
 w - 2 scrolls of enchant weapon {unknown}
 A - 6 scrolls of enchant armour
 B - 2 scrolls of blinking {unknown}
 F - 2 scrolls of fog {unknown}
 L - a scroll of holy word {unknown}
Potions
 f - a potion of flight
 m - 3 potions of berserk rage
 p - 5 potions of curing
 q - 2 potions of attraction {unknown}
 C - a potion of brilliance {unknown}
 G - a potion of heal wounds
 M - a potion of might {unknown}


   Skills:
 + Level 5.1 Fighting
 - Level 3.0 Long Blades
 - Level 5.0 Throwing
 - Level 5.0 Armour
 - Level 5.0 Dodging
 - Level 5.0 Shields
 + Level 0.5 Spellcasting
 - Level 5.0 Evocations


You had 9 spell levels left.
You didn't know any spells.
Your spell library was empty.

Dungeon Overview and Level Annotations

Branches:
Dungeon (8/15)             Temple (0/1) D:7
   Lair: D:8-11

Altars:
Ashenzari
Fedhas
Gozag
Kikubaaqudgha
Makhleb
Sif Muna
Trog
Wu Jian
Zin
Lugonu

Annotations:
D:4 exclusion: oklob plant
D:7 2 transporters
D:8 Prince Ribbit


Innate Abilities, Weirdness & Mutations

You have claws for feet.
You have a somewhat thin skeletal structure. (Dex +2, Stealth)
You regenerate health from kills.
You are immune to miasma.
You have a pair of small antennae on your head.
You have supernaturally acute eyesight. (SInv)
Your mind is acute. (Int +2)
Your flesh is cold resistant. (rC+)
You are somewhat resistant to further mutation.
Your system is resistant to poisons. (rPois)
You are very robust. (+20% HP)
You are covered in fur. (AC +1)


Message History

You block Prince Ribbit's attack. Prince Ribbit misses you.
Unknown command.
You hit Prince Ribbit.
Prince Ribbit's magic leaks into the air.
You claw Prince Ribbit.
Prince Ribbit is almost dead.
Prince Ribbit closely misses you. Prince Ribbit barely misses you.
You riposte.
You completely miss Prince Ribbit. You claw Prince Ribbit.
Prince Ribbit is almost dead.
You closely miss Prince Ribbit. Your kick misses Prince Ribbit.
Prince Ribbit is almost dead.
Prince Ribbit hits you!!
* * * LOW HITPOINT WARNING * * *
You block Prince Ribbit's attack. Prince Ribbit hits you.
* * * LOW HITPOINT WARNING * * *
Unknown command.
You hit Prince Ribbit.
Prince Ribbit appears confused.
Prince Ribbit is almost dead.
Prince Ribbit hits you!!
You die...

#)............†.......##
#..........####.......#
####'#.#'#.>..+.......#
#†.<..#..###.......#
#########..###.......#
.....................#
......##...#####.....#
..... #.#.###........
.... #...F@..........
... #.####.####....## ..
+..# .... #.#### . ##.#
....#. ..# ....# ...
_..... ....#.. ....#..


You could see Prince Ribbit (berserk, confused).

Vanquished Creatures
  A hornet (D:6)
  A wyvern (D:8)
  A golden eye (D:7)
  A steam dragon (D:5)
  A swamp drake (D:7)
  An orc warrior (D:6)
  An ice beast (D:7)
  A phantom (D:5)
  An ogre (D:6)
  2 black bears (D:6)
  A necrophage (D:6)
  3 centaurs
  A bullfrog (D:8)
  A water moccasin zombie (D:5)
  A wyvern skeleton (D:7)
  6 hounds
  A jelly (D:5)
  A centaur skeleton (D:3)
  A bullfrog skeleton (D:5)
  Jessica (D:3)
  An iguana (D:7)
  7 worker ants
  A howler monkey zombie (D:3)
  A worker ant zombie (D:3)
  Robin (D:3)
  A gnoll (D:1)
  7 adders
  3 white imps
  An ufetubus (D:7)
  2 oozes
  3 adder skeletons
  6 worms
  2 dart slugs
  2 leopard geckos
  13 orcs
  4 giant cockroaches
  18 goblins
  6 hobgoblins
  11 jackals
  12 kobolds
  6 quokkas
  4 ball pythons
  A ball python zombie (D:3)
  6 bats
  5 frilled lizards
  A jackal zombie (D:3)
  A quokka zombie (D:3)
  3 rats
157 creatures vanquished.

Vanquished Creatures (collateral kills)
  An ogre (D:4)
1 creature vanquished.

Vanquished Creatures (others)
  A hornet (D:7)
1 creature vanquished.

Grand Total: 159 creatures vanquished

Notes
Turn   | Place    | Note
-------+----------+-------------------------------------------
     0 | D:1      | RaHiT the Demonspawn Chaos Knight began the quest for the
                  | Orb.
     0 | D:1      | Reached XP level 1. HP: 18/18 MP: 1/1
    35 | D:1      | Reached skill level 1 in Dodging
   276 | D:1      | Gained mutation: You regenerate a little health from kills.
                  | [demonic ancestry]
   276 | D:1      | Reached XP level 2. HP: 24/24 MP: 2/2
   666 | D:1      | XOM: silly message
   741 | D:1      | XOM: cloud trail
   811 | D:2      | XOM: butterfly on damage
   813 | D:2      | Reached XP level 3. HP: 9/29 MP: 3/3
   900 | D:2      | Found a bloodstained altar of Trog.
   949 | D:2      | XOM: 1-stop teleportation journey
  1242 | D:2      | XOM: scenery: 1 doors open
  1339 | D:2      | Gained mutation: You regenerate health from kills. [demonic
                  | ancestry]
  1339 | D:2      | Reached XP level 4. HP: 29/35 MP: 4/4
  1374 | D:2      | XOM: confusion (+ monsters)
  1439 | D:2      | Found a faded altar of an unknown god.
  1557 | D:2      | Found a bloodstained altar of Trog.
  1604 | D:3      | Reached skill level 1 in Shields
  1616 | D:3      | XOM: potion effect (brilliance)
  1754 | D:3      | Found a shimmering blue altar of Sif Muna.
  1801 | D:3      | Gained mutation: You have a somewhat thin skeletal
                  | structure. (Dex +2, Stealth) [demonic ancestry]
  1801 | D:3      | Reached XP level 5. HP: 42/42 MP: 5/5
  1856 | D:3      | XOM: noise
  1972 | D:3      | Noticed Robin
  1978 | D:3      | XOM: enchant monster (bad)
  2221 | D:3      | Killed Robin
  2276 | D:3      | XOM: smoke on damage
  2419 | D:3      | XOM: noise
  2604 | D:3      | XOM: noise
  2611 | D:3      | XOM: 2-stop teleportation journey
  2675 | D:3      | XOM: 2-stop teleportation journey
  2842 | D:3      | Noticed Jessica
  2859 | D:3      | Killed Jessica
  2988 | D:4      | XOM: 4-stop teleportation journey
  2989 | D:4      | Found a blossoming altar of Fedhas.
  3007 | D:4      | Noticed an oklob plant
  3078 | D:4      | Noticed an ogre
  3080 | D:4      | XOM: summons friendly white imp
  3085 | D:4      | Killed an ogre
  3086 | D:4      | Gained mutation: You have sharp toenails. [demonic
                  | ancestry]
  3086 | D:4      | Reached XP level 6. HP: 39/49 MP: 6/6
  3096 | D:4      | Found an opulent altar of Gozag.
  3138 | D:4      | Reached skill level 1 in Evocations
  3491 | D:4      | Found a glowing silver altar of Zin.
  3719 | D:4      | XOM: give mutations
  3719 | D:4      | Gained mutation: You have supernaturally acute eyesight.
                  | (SInv) [Xom's grace]
  3719 | D:4      | Gained mutation: You are covered in fur. (AC +1) [Xom's
                  | grace]
  3719 | D:4      | Gained mutation: You have a pair of small antennae on your
                  | head. [Xom's grace]
  3728 | D:5      | Entered Level 5 of the Dungeon
  3801 | D:5      | XOM: god gift: potion of curing
  3825 | D:5      | Found an ancient bone altar of Kikubaaqudgha.
  3837 | D:5      | Reached skill level 5 in Fighting
  3837 | D:5      | Gained mutation: You have razor-sharp toenails. [demonic
                  | ancestry]
  3837 | D:5      | Reached XP level 7. HP: 53/56 MP: 7/7
  3896 | D:5      | Noticed a steam dragon
  3896 | D:5      | a bullfrog changed into a steam dragon
  3896 | D:5      | XOM: polymorph bullfrog -> steam dragon
  4094 | D:5      | Killed a steam dragon
  4354 | D:5      | Found a broken altar of Ashenzari.
  4440 | D:5      | Reached skill level 5 in Shields
  4450 | D:5      | XOM: summons friendly crimson imp
  4456 | D:5      | Gained mutation: You are immune to miasma. [demonic
                  | ancestry]
  4456 | D:5      | Reached XP level 8. HP: 28/62 MP: 8/8
  4751 | D:5      | XOM: cloud trail
  5412 | D:6      | XOM: stealth player
  5421 | D:6      | XOM: 1-stop teleportation journey
  5468 | D:6      | XOM: 4-stop teleportation journey
  5521 | D:6      | XOM: summons 8 friendly demons
  5688 | D:6      | Noticed Blork the orc
  5690 | D:6      | Noticed Blork
  5690 | D:6      | Blork the orc changed into Blork the ooze
  5692 | D:6      | Killed Blork the ooze
  5766 | D:6      | XOM: god gift: scratched steel ring {god gift}
  5957 | D:6      | XOM: cloud trail
  5999 | D:6      | Reached skill level 5 in Armour
  5999 | D:6      | Reached skill level 5 in Dodging
  6251 | D:7      | XOM: snakes to sticks
  6277 | D:7      | Noticed a hornet
  6282 | D:7      | a hornet changed into a golden eye
  6409 | D:7      | Noticed a hornet
  6435 | D:6      | Killed a hornet
  6436 | D:6      | Reached skill level 5 in Evocations
  6436 | D:6      | Reached skill level 1 in Throwing
  6436 | D:6      | Reached XP level 9. HP: 55/68 MP: 9/9
  6677 | D:7      | Found a transporter.
  6678 | D:7      | Noticed a cyan ugly thing
  6678 | D:7      | Noticed a purple ugly thing
  6747 | D:7      | Found an ornate altar of the Wu Jian Council.
  7017 | D:7      | XOM: give mutations
  7017 | D:7      | Gained mutation: Your flesh is cold resistant. (rC+) [Xom's
                  | grace]
  7017 | D:7      | Gained mutation: You are robust. (+10% HP) [Xom's grace]
  7017 | D:7      | Gained mutation: You are very robust. (+20% HP) [Xom's
                  | grace]
  7017 | D:7      | Gained mutation: You evolve. [Xom's grace]
  7080 | D:7      | Noticed a cyan ugly thing
  7083 | D:7      | Found a corrupted altar of Lugonu.
  7086 | D:7      | Noticed an unseen horror
  7127 | D:7      | Paralysed by a hornet for 2 turns
  7130 | D:7      | XOM: divine lightning
  7145 | D:7      | Found a staircase to the Ecumenical Temple.
  7183 | D:7      | XOM: give mutations
  7183 | D:7      | Gained mutation: Your mind is acute. (Int +2) [Xom's grace]
  7183 | D:7      | Lost mutation: You evolve. [Xom's grace]
  7183 | D:7      | Gained mutation: You are somewhat resistant to further
                  | mutation. [Xom's grace]
  7183 | D:7      | Gained mutation: Your system is resistant to poisons.
                  | (rPois) [Xom's grace]
  7183 | D:7      | Gained mutation: You have claws for feet. [Xom's grace]
  7531 | D:7      | Found a transporter.
  7598 | D:8      | Reached skill level 5 in Throwing
  7641 | D:8      | Noticed Prince Ribbit
  7645 | D:8      | XOM: confusion (+ monsters)
  7646 | D:8      | Found a burning altar of Makhleb.
  7658 | D:8      | Mangled by Prince Ribbit

Illustrated notes

Levels and vault maps discovered:
D:1:      sevenhm_arrival_forest_fort_small_6, layout_loops_ring
D:2:      layout_basic, lightli_temple_of_fire,
          chequers_ecumenical_altar_simple, trog_book
D:3:      kennysheep_goblin_castle, layout_loops_ring,
          overflow_temple_1_default, serial_undead, serial_undead_a,
          serial_undead_c, serial_undead_d, serial_undead_b, serial_undead_e,
          serial_undead_e, uniq_jessica
D:4:      layout_cave_pools, nicolae_gozag_seed_capital,
          nicolae_overflow_crystal_walls, tgw_fedhas, uniq_robin
D:5:      layout_basic, old_standard_altar, nicolae_ashenzari_panopticon
D:6:      layout_gridville, uniq_blork_the_orc
D:7:      gammafunk_corrupted_shrine, layout_basic, lemuel_doored_altar,
          minmay_temple_entry_poolview
D:8:      layout_basic, old_standard_altar, nicolae_tso_swordbearing_angel,
          nicolae_dithmenos_through_a_glass_darkly,
          lemuel_mausoleum_altar_yredelemnul, uniq_prince_ribbit1

Skill      XL: |  1  2  3  4  5  6  7  8  9 |
---------------+----------------------------+-----
Dodging        | 1 2 3 5 |  5.0
Armour         | 2 3 5 |  5.0
Long Blades    | 3 |  3.0
Shields        | 1 2 3 5 |  5.0
Fighting       | 4 5 |  5.1
Evocations     | 2 3 5 |  5.0
Throwing       | 1 5 |  5.0
Spellcasting   | |  0.5

Action                   |  1- 3 |  4- 6 |  7- 9 || total
-------------------------+-------+-------+-------++-------
Melee: Falchion          |    95 |   246 |   193 ||   534
       Kick              |       |    21 |    98 ||   119
Throw: Stone             |     5 |    27 |    42 ||    74
       Dart              |       |       |    14 ||    14
Evoke: Wand              |       |     2 |     8 ||    10
  Use: Scroll            |     6 |     2 |     2 ||    10
       Potion            |       |     1 |       ||     1
 Stab: Petrified         |       |     3 |       ||     3
       Sleeping          |       |     4 |     5 ||     9
       Paralysed         |       |     1 |     1 ||     2
       Distracted        |       |     1 |       ||     1
Armor: Leather armour    |    37 |    67 |    13 ||   117
       Ring mail         |       |       |    28 ||    28
Dodge: Dodged            |    81 |   151 |   153 ||   385
Block: Buckler           |       |       |    36 ||    36
       Rpst.: Falchion   |    26 |    35 |    38 ||    99
